[ AOE2 MATCH · #494485903 ]
UnrankedBerbers vs Celts
Player's team · WIN
Rival team · LOSS
[ REPLAY ANALYSIS · EXTRACTED FROM THE RECORDED GAME ]
Feudal
18:53
Castle
31:11
Imperial
—
| APM avg | 43.9 |
| APM peak | 122 |
| eAPM avg | 22.3 |
| Villagers / military | 82 / 28 |
Focus
⚔️ 21.3% · 🌾 78.7%
Petard ×13 · Battering Ram ×7 · Camel Archer ×5 · Militia ×3
Feudal
23:20
Castle
30:43
Imperial
—
| APM avg | 40.7 |
| APM peak | 110 |
| eAPM avg | 16.7 |
| Villagers / military | 49 / 21 |
Focus
⚔️ 36.6% · 🌾 63.4%
Battering Ram ×12 · Petard ×5 · Woad Raider ×3 · Mangonel ×1
Match map
Initial resources + every placement click. Lines = walls · curves = elevation contours. ◆ gold · ⬟ stone · ● berries · ✦ relic · ◌ wall gap
Your base· Open — 4t gap
Archer on duty's base· Open — unwalled flank
Smoothed initial terrain · ◌ = detected wall gap · hover for details
Inputs per minute
— 雞雞歪歪 - - Archer on duty
Build order — 雞雞歪歪
First 150 of 157 actions detected
| 0:09 | Build | Town Center |
| 1:11 | Create | Villager (Male) |
| 1:12 | Create | Villager (Male) |
| 1:12 | Create | Villager (Male) |
| 1:29 | Create | Villager (Male) |
| 1:29 | Create | Villager (Male) |
| 2:00 | Create | Villager (Male) |
| 2:00 | Create | Villager (Male) |
| 2:08 | Build | Lumber Camp |
| 2:34 | Create | Villager (Male) |
| 3:23 | Create | Villager (Male) |
| 3:23 | Create | Villager (Male) |
| 3:55 | Research | Loom |
| 4:11 | Create | Villager (Male) |
| 4:12 | Create | Villager (Male) |
| 4:30 | Create | Villager (Male) |
| 4:30 | Create | Villager (Male) |
| 4:57 | Create | Villager (Male) |
| 4:59 | Create | Villager (Male) |
| 4:59 | Create | Villager (Male) |
| 5:24 | Build | Barracks |
| 5:40 | Create | Villager (Male) |
| 5:40 | Create | Villager (Male) |
| 5:43 | Create | Villager (Male) |
| 5:56 | Create | Villager (Male) |
| 5:58 | Create | Villager (Male) |
| 5:58 | Create | Villager (Male) |
| 6:01 | Create | Villager (Male) |
| 6:04 | Build | Mining Camp |
| 6:09 | Build | House |
| 6:33 | Create | Villager (Male) |
| 7:11 | Build | Mill |
| 7:14 | Create | Villager (Male) |
| 7:15 | Create | Villager (Male) |
| 7:15 | Create | Villager (Male) |
| 7:52 | Create | Villager (Male) |
| 7:53 | Create | Villager (Male) |
| 7:53 | Create | Villager (Male) |
| 8:27 | Create | Villager (Male) |
| 8:39 | Create | Villager (Male) |
| 9:18 | Create | Villager (Male) |
| 9:18 | Create | Villager (Male) |
| 9:18 | Create | Villager (Male) |
| 9:18 | Create | Villager (Male) |
| 9:36 | Build | House |
| 10:02 | Build | Mill |
| 10:10 | Build | Mining Camp |
| 11:34 | Build | Town Center |
| 13:10 | Research | Feudal Age |
| 14:09 | Create | Villager (Male) |
| 14:10 | Create | Villager (Male) |
| 14:10 | Create | Villager (Male) |
| 14:22 | Build | Lumber Camp |
| 14:33 | Create | Villager (Male) |
| 15:36 | Build | Town Center |
| 16:18 | Create | Villager (Male) |
| 16:19 | Create | Villager (Male) |
| 16:43 | Research | Feudal Age |
| 17:07 | Create | Villager (Male) |
| 17:07 | Create | Villager (Male) |
| 17:27 | Create | Militia |
| 17:28 | Create | Militia |
| 17:29 | Create | Militia |
| 18:53 | Age | Feudal Age |
| 18:59 | Build | Watch Tower |
| 19:08 | Build | House |
| 19:11 | Build | House |
| 19:36 | Build | House |
| 20:00 | Build | Watch Tower |
| 20:07 | Build | Farm |
| 20:10 | Build | Farm |
| 21:01 | Build | Mill |
| 21:24 | Create | Villager (Male) |
| 21:24 | Create | Villager (Male) |
| 21:53 | Build | Watch Tower |
| 21:58 | Build | Farm |
| 22:21 | Build | Farm |
| 22:30 | Create | Villager (Male) |
| 22:31 | Create | Villager (Male) |
| 22:46 | Create | Villager (Male) |
| 22:47 | Create | Villager (Male) |
| 22:57 | Build | Watch Tower |
| 23:07 | Build | Farm |
| 23:42 | Create | Villager (Male) |
| 23:43 | Create | Villager (Male) |
| 23:43 | Create | Villager (Male) |
| 23:46 | Build | Farm |
| 23:49 | Create | Villager (Male) |
| 24:17 | Create | Villager (Male) |
| 25:08 | Build | Mill |
| 25:11 | Create | Villager (Male) |
| 25:11 | Create | Villager (Male) |
| 25:11 | Create | Villager (Male) |
| 25:12 | Create | Villager (Male) |
| 25:36 | Create | Villager (Male) |
| 25:51 | Build | Watch Tower |
| 25:57 | Create | Villager (Male) |
| 25:57 | Create | Villager (Male) |
| 27:19 | Build | Market |
| 27:20 | Build | Blacksmith |
| 28:31 | Research | Castle Age |
| 28:32 | Research | Castle Age |
| 29:03 | Research | Fletching |
| 29:03 | Research | Fletching |
| 29:09 | Build | House |
| 30:00 | Create | Villager (Male) |
| 30:32 | Build | Mill |
| 30:36 | Create | Villager (Male) |
| 31:11 | Age | Castle Age |
| 31:15 | Build | Castle |
| 32:03 | Build | Siege Workshop |
| 32:19 | Build | Lumber Camp |
| 32:20 | Create | Villager (Male) |
| 32:27 | Create | Petard |
| 32:27 | Create | Petard |
| 32:28 | Create | Petard |
| 33:03 | Create | Battering Ram |
| 33:07 | Build | Mining Camp |
| 33:23 | Create | Petard |
| 33:23 | Create | Petard |
| 34:00 | Create | Villager (Male) |
| 34:00 | Create | Villager (Male) |
| 34:00 | Create | Villager (Male) |
| 34:23 | Create | Battering Ram |
| 34:23 | Create | Battering Ram |
| 34:58 | Create | Petard |
| 34:59 | Create | Petard |
| 34:59 | Create | Petard |
| 35:11 | Create | Villager (Male) |
| 35:11 | Create | Villager (Male) |
| 35:19 | Create | Battering Ram |
| 35:51 | Create | Battering Ram |
| 36:05 | Create | Villager (Male) |
| 36:05 | Create | Villager (Male) |
| 36:05 | Create | Villager (Male) |
| 36:05 | Create | Villager (Male) |
| 36:25 | Create | Battering Ram |
| 36:28 | Create | Villager (Male) |
| 36:28 | Create | Villager (Male) |
| 36:29 | Create | Villager (Male) |
| 37:03 | Create | Villager (Male) |
| 37:16 | Create | Battering Ram |
| 37:20 | Build | House |
| 37:23 | Create | Villager (Male) |
| 38:00 | Create | Petard |
| 38:00 | Create | Petard |
| 38:24 | Create | Petard |
| 38:24 | Create | Petard |
| 38:24 | Create | Petard |
| 38:55 | Create | Camel Archer |
Build order — Archer on duty
125 actions detected in the replay
| 1:36 | Build | Town Center |
| 2:40 | Create | Villager (Male) |
| 2:40 | Create | Villager (Male) |
| 2:40 | Create | Villager (Male) |
| 2:41 | Research | Loom |
| 3:03 | Create | Villager (Male) |
| 3:03 | Create | Villager (Male) |
| 3:30 | Create | Villager (Male) |
| 3:56 | Create | Villager (Male) |
| 3:57 | Create | Villager (Male) |
| 4:02 | Build | Lumber Camp |
| 4:25 | Create | Villager (Male) |
| 5:01 | Build | Palisade Wall |
| 5:03 | Build | Palisade Wall |
| 5:05 | Build | Palisade Wall |
| 5:08 | Build | Palisade Wall |
| 5:15 | Create | Villager (Male) |
| 5:15 | Create | Villager (Male) |
| 5:26 | Build | Palisade Wall |
| 5:29 | Build | Palisade Wall |
| 5:31 | Create | Villager (Male) |
| 5:59 | Build | Palisade Wall |
| 6:02 | Build | Palisade Wall |
| 6:08 | Build | Palisade Wall |
| 6:09 | Build | Palisade Wall |
| 6:28 | Create | Villager (Male) |
| 6:30 | Create | Villager (Male) |
| 6:51 | Build | House |
| 7:20 | Build | Town Center |
| 8:11 | Create | Villager (Male) |
| 8:23 | Create | Villager (Male) |
| 8:23 | Create | Villager (Male) |
| 8:23 | Create | Villager (Male) |
| 8:24 | Create | Villager (Male) |
| 8:56 | Create | Villager (Male) |
| 8:56 | Create | Villager (Male) |
| 8:57 | Create | Villager (Male) |
| 9:36 | Create | Villager (Male) |
| 9:36 | Create | Villager (Male) |
| 9:52 | Build | Palisade Wall |
| 9:57 | Build | Palisade Wall |
| 9:59 | Build | Palisade Wall |
| 10:00 | Build | Palisade Wall |
| 10:14 | Build | Palisade Wall |
| 10:23 | Create | Villager (Male) |
| 11:05 | Build | Palisade Wall |
| 11:06 | Build | Palisade Wall |
| 11:14 | Create | Villager (Male) |
| 11:30 | Create | Villager (Male) |
| 11:31 | Create | Villager (Male) |
| 11:45 | Build | Town Center |
| 12:22 | Create | Villager (Male) |
| 12:22 | Create | Villager (Male) |
| 12:22 | Create | Villager (Male) |
| 12:47 | Build | Mill |
| 13:20 | Create | Villager (Male) |
| 14:15 | Create | Villager (Male) |
| 14:36 | Create | Villager (Male) |
| 15:07 | Create | Villager (Male) |
| 16:29 | Create | Villager (Male) |
| 16:48 | Create | Villager (Male) |
| 17:03 | Build | House |
| 17:51 | Create | Villager (Male) ×3 |
| 19:50 | Create | Villager (Male) ×5 |
| 20:32 | Build | Mining Camp |
| 20:41 | Build | Farm |
| 20:43 | Build | Farm |
| 20:45 | Build | Farm |
| 21:10 | Research | Feudal Age |
| 21:10 | Research | Feudal Age |
| 21:10 | Research | Feudal Age |
| 21:34 | Build | Farm |
| 21:51 | Build | House |
| 21:55 | Build | House |
| 21:58 | Build | House |
| 22:09 | Build | Lumber Camp |
| 22:25 | Build | House |
| 22:28 | Build | House |
| 22:30 | Build | House |
| 23:20 | Age | Feudal Age |
| 23:23 | Create | Villager (Male) |
| 23:41 | Create | Villager (Male) |
| 23:56 | Build | Market |
| 24:30 | Build | Blacksmith |
| 24:32 | Create | Villager (Male) |
| 24:35 | Build | Farm |
| 24:40 | Build | Farm |
| 25:07 | Create | Villager (Male) |
| 25:13 | Build | Farm |
| 25:32 | Research | Town Watch |
| 25:44 | Build | Farm |
| 25:48 | Build | Farm |
| 25:51 | Build | Farm |
| 26:10 | Build | House |
| 26:17 | Build | House |
| 26:22 | Build | House |
| 28:03 | Research | Castle Age |
| 28:03 | Research | Castle Age |
| 28:04 | Research | Castle Age |
| 28:15 | Build | Mining Camp |
| 28:48 | Build | House |
| 30:43 | Age | Castle Age |
| 31:00 | Build | Castle |
| 32:28 | Build | Siege Workshop |
| 33:05 | Create | Battering Ram |
| 33:29 | Create | Woad Raider |
| 33:40 | Create | Battering Ram |
| 33:40 | Create | Battering Ram |
| 33:40 | Create | Battering Ram |
| 34:08 | Create | Woad Raider |
| 34:08 | Create | Woad Raider |
| 34:26 | Create | Battering Ram |
| 34:26 | Create | Battering Ram |
| 34:56 | Create | Battering Ram |
| 35:39 | Create | Battering Ram |
| 35:39 | Create | Battering Ram |
| 35:39 | Create | Battering Ram |
| 35:44 | Create | Battering Ram |
| 36:28 | Create | Mangonel |
| 37:58 | Create | Petard |
| 37:58 | Create | Petard |
| 37:59 | Create | Petard |
| 38:01 | Create | Battering Ram |
| 38:23 | Create | Petard |
| 38:24 | Create | Petard |
Match timeline
| 5:01 | Archer on duty · wall_segment Palisade Wall x1 |
| 5:03 | Archer on duty · wall_segment Palisade Wall x1 |
| 5:05 | Archer on duty · wall_segment Palisade Wall x1 |
| 5:08 | Archer on duty · wall_segment Palisade Wall x1 |
| 5:24 | 雞雞歪歪 · first_building Barracks |
| 5:26 | Archer on duty · wall_segment Palisade Wall x1 |
| 5:29 | Archer on duty · wall_segment Palisade Wall x1 |
| 5:59 | Archer on duty · wall_segment Palisade Wall x1 |
| 6:02 | Archer on duty · wall_segment Palisade Wall x1 |
| 6:08 | Archer on duty · wall_segment Palisade Wall x1 |
| 6:09 | Archer on duty · wall_segment Palisade Wall x1 |
| 9:52 | Archer on duty · wall_segment Palisade Wall x1 |
| 9:57 | Archer on duty · wall_segment Palisade Wall x1 |
| 9:59 | Archer on duty · wall_segment Palisade Wall x1 |
| 10:00 | Archer on duty · wall_segment Palisade Wall x1 |
| 10:14 | Archer on duty · wall_segment Palisade Wall x1 |
| 11:05 | Archer on duty · wall_segment Palisade Wall x1 |
| 11:06 | Archer on duty · wall_segment Palisade Wall x1 |
| 18:53 | 雞雞歪歪 · age_up feudal |
| 23:20 | Archer on duty · age_up feudal |
| 24:59 | Archer on duty · first_market_buy 100 food |
| 25:03 | Archer on duty · first_market_sell 100 wood |
| 28:20 | 雞雞歪歪 · first_market_buy 100 food |
| 30:43 | Archer on duty · age_up castle |
| 31:00 | Archer on duty · first_building Castle |
| 31:11 | 雞雞歪歪 · age_up castle |
| 31:15 | 雞雞歪歪 · first_building Castle |
| 32:03 | 雞雞歪歪 · first_building Siege Workshop |
| 32:28 | Archer on duty · first_building Siege Workshop |
| 39:41 | Archer on duty · resign |
[ AI ANALYSIS · 1 CREDIT ]
What really happened in this match?
Wolo.gg analyzes every decision: build order, eco, micro, common mistakes by bracket. Personalized analysis on WhatsApp or Discord in 30 seconds.
Civ guide
Berbers
Perfil
雞雞歪歪